A- EAST
SALEM RED SOX @ CHARLESTON RIVERDOGS
06/10/2042
 
TOP OF THE 1ST
Salem Red Sox batting - Pitching for Charleston RiverDogs : RHP Tommy Meacham
Pitching: RHP Tommy Meacham
Batting: RHB Dave Ross 0-0: Ball
1-0: Ball
2-0: SINGLE (Line Drive, 8LS, EV 93.8 MPH)
Batting: RHB Dan Johnson 0-0: Grounds into double play, 1-4-3 (Groundball, P, EV 73.8 MPH)
Batting: RHB Ricky Hennessey 0-0: Ball
1-0: Ball
2-0: Called Strike
2-1: Called Strike
2-2: SINGLE (Line Drive, 6MD, EV 96.9 MPH)
Batting: LHB Steve Small 0-0: Ball
1-0: Ball
2-0: Called Strike
Ricky Hennessey is caught stealing 2nd base 2-6
Top of the 1st over - 0 runs, 2 hits, 0 errors, 0 left on base; Salem 0 - Charleston 0
BOTTOM OF THE 1ST
Charleston RiverDogs batting - Pitching for Salem Red Sox : RHP Tony Trevino
Pitching: RHP Tony Trevino
Batting: RHB Miguel Cabrera Jr. 0-0: Ground out 4-3 (Groundball, 4, EV 105.0 MPH)
Batting: LHB Joey Wright 0-0: Ball
1-0: Ball
2-0: Foul Ball, location: 25F
2-1: Foul Ball, location: 2F
2-2: Strikes out looking
Batting: RHB David Moreno 0-0: Called Strike
0-1: Called Strike
0-2: Foul Ball, location: 25F
0-2: Ball
1-2: Ball
2-2: Foul Ball, location: 2F
2-2: Ball
3-2: Foul Ball, location: 9LDF
3-2: Ground out 6-3 (Groundball, 6, EV 80.6 MPH)
Bottom of the 1st over - 0 runs, 0 hits, 0 errors, 0 left on base; Salem 0 - Charleston 0
TOP OF THE 2ND
Salem Red Sox batting - Pitching for Charleston RiverDogs : RHP Tommy Meacham
Batting: LHB Steve Small 0-0: Ball
1-0: Ball
2-0: Ball
3-0: Called Strike
3-1: Base on Balls
Batting: RHB Leon Elkins 0-0: Ball
1-0: Ball
2-0: Grounds into double play, 6-4-3 (Groundball, 6, EV 98.8 MPH)
Batting: LHB Domenic Merritt 0-0: Swinging Strike
0-1: Foul Ball, location: 2F
0-2: Ball
1-2: Ball
2-2: Ball
3-2: Foul Ball, location: 2F
3-2: Strikes out swinging
Top of the 2nd over - 0 runs, 0 hits, 0 errors, 0 left on base; Salem 0 - Charleston 0
BOTTOM OF THE 2ND
Charleston RiverDogs batting - Pitching for Salem Red Sox : RHP Tony Trevino
Batting: RHB Josh Duncan 0-0: Ball
1-0: Called Strike
1-1: Ground out 5-3 (Groundball, 5, EV 82.5 MPH)
Batting: LHB Ippolito Palermo 0-0: Ball
1-0: Ball
2-0: Ball
3-0: Called Strike
3-1: Base on Balls
Batting: RHB Jesús Ramos 0-0: Ball
1-0: Called Strike
1-1: 2-RUN HOME RUN (Flyball, 9D, EV 100.6 MPH), Distance : 369 ft
Batting: RHB Tommy Meacham 0-0: Fly out, F3 (Line Drive, 34D, EV 66.9 MPH)
Batting: RHB Dave Miles 0-0: Ball
1-0: Called Strike
1-1: Ball
2-1: Called Strike
2-2: Ball
3-2: Strikes out looking
Bottom of the 2nd over - 2 runs, 1 hit, 0 errors, 0 left on base; Salem 0 - Charleston 2
TOP OF THE 3RD
Salem Red Sox batting - Pitching for Charleston RiverDogs : RHP Tommy Meacham
Batting: SHB Jorge Carrillo 0-0: Called Strike
0-1: Foul Ball, location: 7LSF
0-2: Ball
1-2: Ball
2-2: Foul Ball, location: 2F
2-2: Strikes out looking
Batting: RHB Víctor Navarro 0-0: Called Strike
0-1: Ball
1-1: Called Strike
1-2: Ground out 6-3 (Groundball, 56D, EV 88.8 MPH)
Batting: LHB Mike Riggs 0-0: Called Strike
0-1: Ball
1-1: Foul Ball, location: 23F
1-2: Ball
2-2: Strikes out looking
Top of the 3rd over - 0 runs, 0 hits, 0 errors, 0 left on base; Salem 0 - Charleston 2
BOTTOM OF THE 3RD
Charleston RiverDogs batting - Pitching for Salem Red Sox : RHP Tony Trevino
Batting: LHB Adrián Valdéz 0-0: Ball
1-0: Called Strike
1-1: Swinging Strike
1-2: Ball
2-2: Strikes out swinging
Batting: RHB Miguel Cabrera Jr. 0-0: Called Strike
0-1: Ball
1-1: Ball
2-1: Ball
3-1: Base on Balls
Batting: LHB Joey Wright 0-0: Ball
1-0: Ball
2-0: Foul Ball, location: 5FF
2-1: Swinging Strike
2-2: Ball
3-2: Strikes out swinging
Miguel Cabrera Jr. steals 2nd base
Batter strikes out.
Batting: RHB David Moreno 0-0: Foul Ball, location: 2F
0-1: Called Strike
0-2: SINGLE (Line Drive, 4MD, EV 96.9 MPH)
Miguel Cabrera Jr. to third
Runner from 3rd tries for Home, SAFE, throw by CF to home
Batting: RHB Josh Duncan 0-0: Foul Ball, location: 5SF
0-1: Ball
1-1: Fly out, F9 (Flyball, 9D, EV 80.0 MPH)
Bottom of the 3rd over - 1 run, 1 hit, 0 errors, 1 left on base; Salem 0 - Charleston 3
TOP OF THE 4TH
Salem Red Sox batting - Pitching for Charleston RiverDogs : RHP Tommy Meacham
Batting: RHB Dave Ross 0-0: Ball
1-0: Foul Ball, location: 2F
1-1: Fly out, F9 (Flyball, 9, EV 93.1 MPH)
Batting: RHB Dan Johnson 0-0: Ball
1-0: Ball
2-0: Swinging Strike
2-1: Foul Ball, location: 9LSF
2-2: Strikes out swinging
Batting: RHB Ricky Hennessey 0-0: Foul Ball, location: 2F
0-1: Ball
1-1: Foul Ball, location: 5SF
1-2: Strikes out swinging
Top of the 4th over - 0 runs, 0 hits, 0 errors, 0 left on base; Salem 0 - Charleston 3
BOTTOM OF THE 4TH
Charleston RiverDogs batting - Pitching for Salem Red Sox : RHP Tony Trevino
Batting: LHB Ippolito Palermo 0-0: Called Strike
0-1: Ball
1-1: Foul Ball, location: 7LMF
1-2: Foul Ball, location: 25F
1-2: Ball
2-2: DOUBLE (Line Drive, 7LD, EV 104.4 MPH)
Batting: RHB Jesús Ramos 0-0: 2-RUN HOME RUN (Flyball, 89XD, EV 98.8 MPH), Distance : 416 ft
Pitching: RHP Artie Eaton
Batting: RHB Tommy Meacham 0-0: Foul Ball, location: 9LMF
0-1: Ball
1-1: Ball
2-1: Ball
3-1: Base on Balls
Batting: RHB Dave Miles 0-0: Fly out, F5 (Line Drive, 56, EV 74.4 MPH)
Batting: LHB Adrián Valdéz 0-0: Ball
1-0: Called Strike
1-1: Ball
2-1: Foul Ball, location: 23FF
2-2: Strikes out swinging
Batting: RHB Miguel Cabrera Jr. 0-0: Ball
1-0: Ball
2-0: Called Strike
2-1: Ground out 4-3 (Groundball, 4, EV 78.8 MPH)
Bottom of the 4th over - 2 runs, 2 hits, 0 errors, 1 left on base; Salem 0 - Charleston 5
TOP OF THE 5TH
Salem Red Sox batting - Pitching for Charleston RiverDogs : RHP Tommy Meacham
Batting: LHB Steve Small 0-0: DOUBLE (Flyball, 78XD, EV 108.8 MPH)
Batting: RHB Leon Elkins 0-0: Ball
1-0: Fly out, F8 (Flyball, 8RM, EV 85.6 MPH)
Batting: LHB Domenic Merritt 0-0: Ball
1-0: Called Strike
1-1: Swinging Strike
1-2: Ball
2-2: Ball
3-2: Strikes out looking
Batting: SHB Jorge Carrillo 0-0: Swinging Strike
0-1: Ball
1-1: Foul Ball, location: 7LDF
1-2: Strikes out swinging
Top of the 5th over - 0 runs, 1 hit, 0 errors, 1 left on base; Salem 0 - Charleston 5
BOTTOM OF THE 5TH
Charleston RiverDogs batting - Pitching for Salem Red Sox : RHP Artie Eaton
Batting: LHB Joey Wright 0-0: Ball
1-0: Ball
2-0: Ball
3-0: Base on Balls
Batting: RHB David Moreno 0-0: Called Strike
Joey Wright steals 2nd base
0-1: DOUBLE (Line Drive, 7LS, EV 96.9 MPH)
Joey Wright scores
Batting: RHB Josh Duncan 0-0: Ball
1-0: Foul Ball, location: 2F
1-1: Ball
2-1: Foul Ball, location: 25F
2-2: Strikes out swinging
Batting: LHB Ippolito Palermo 0-0: Ball
1-0: Called Strike
1-1: Ball
2-1: Foul Ball, location: 2F
2-2: Foul Ball, location: 2F
2-2: Ball
3-2: DOUBLE (Flyball, 8RXD, EV 111.3 MPH)
David Moreno scores
Batting: RHB Jesús Ramos 0-0: Ball
1-0: Swinging Strike
1-1: Ball
2-1: Ball
3-1: DOUBLE (Groundball, 3L, EV 103.8 MPH)
Ippolito Palermo scores
Batting: RHB Tommy Meacham 0-0: DOUBLE (Line Drive, 9LS, EV 110.0 MPH)
Jesús Ramos scores
Batting: RHB Dave Miles 0-0: Called Strike
0-1: Called Strike
0-2: Ball
1-2: Ball
2-2: Foul Ball, location: 2F
2-2: Fly out, F9 (Line Drive, 9, EV 105.0 MPH)
Batting: LHB Adrián Valdéz 0-0: Ball
1-0: Ball
2-0: Ball
3-0: Base on Balls
Batting: RHB Miguel Cabrera Jr. 0-0: Ball
1-0: Ball
2-0: Ball
3-0: Base on Balls
Tommy Meacham to third
Adrián Valdéz to second
Batting: LHB Joey Wright 0-0: Ball
1-0: Foul Ball, location: 7LDF
1-1: Fly out, F6 (Popup, 6S, EV 81.9 MPH)
Bottom of the 5th over - 4 runs, 4 hits, 0 errors, 3 left on base; Salem 0 - Charleston 9
TOP OF THE 6TH
Salem Red Sox batting - Pitching for Charleston RiverDogs : RHP Tommy Meacham
Batting: RHB Víctor Navarro 0-0: Fly out, F8 (Flyball, 8LD, EV 110.0 MPH)
Batting: LHB Mike Riggs 0-0: Called Strike
0-1: Ball
1-1: Called Strike
1-2: Strikes out swinging
Batting: RHB Dave Ross 0-0: Ball
1-0: Called Strike
1-1: Called Strike
1-2: Strikes out looking
Top of the 6th over - 0 runs, 0 hits, 0 errors, 0 left on base; Salem 0 - Charleston 9
BOTTOM OF THE 6TH
Charleston RiverDogs batting - Pitching for Salem Red Sox : RHP Artie Eaton
Batting: RHB David Moreno 0-0: Called Strike
0-1: Ball
1-1: Ball
2-1: Foul Ball, location: 2F
2-2: Foul Ball, location: 9LMFF
2-2: Ground out U3 (Groundball, 34, EV 101.9 MPH)
Batting: RHB Josh Duncan 0-0: Ball
1-0: Ball
2-0: Ball
3-0: Called Strike
3-1: Fly out, F7 (Flyball, 7, EV 99.4 MPH)
Batting: LHB Ippolito Palermo 0-0: Ball
1-0: Ball
2-0: Swinging Strike
2-1: Ball
3-1: Base on Balls
Batting: RHB Jesús Ramos 0-0: Foul Ball, location: 3SF
0-1: Ball
1-1: Ball
2-1: Ball
3-1: Hit by Pitch
Ippolito Palermo to second
Batting: RHB Tommy Meacham 0-0: Ball
1-0: Foul Ball, location: 9LDF
1-1: Called Strike
1-2: Strikes out swinging
Bottom of the 6th over - 0 runs, 0 hits, 0 errors, 2 left on base; Salem 0 - Charleston 9
TOP OF THE 7TH
Salem Red Sox batting - Pitching for Charleston RiverDogs : RHP Tommy Meacham
Batting: RHB Dan Johnson 0-0: Ground out 4-3 (Groundball, 4, EV 87.5 MPH)
Batting: RHB Ricky Hennessey 0-0: Foul Ball, location: 2F
0-1: Ball
1-1: Called Strike
1-2: Ball
2-2: Foul Ball, location: 2F
2-2: Strikes out swinging
Batting: LHB Steve Small 0-0: Called Strike
0-1: Foul Ball, location: 7LMF
0-2: Ball
1-2: Foul Ball, location: 7LMFF
1-2: Ball
2-2: TRIPLE (Line Drive, 7LD, EV 103.1 MPH)
Pitching: RHP Bob Dean
Pinch Hitting: RHB Kevin Henderson 0-0: Foul Ball, location: 2F
0-1: Called Strike
0-2: Ball
1-2: Strikes out looking
Top of the 7th over - 0 runs, 1 hit, 0 errors, 1 left on base; Salem 0 - Charleston 9
BOTTOM OF THE 7TH
Charleston RiverDogs batting - Pitching for Salem Red Sox : RHP Artie Eaton
Pitching: RHP Wilbert O'Farranan
Now at 1B: David Cavazos
Batting: RHB Dave Miles 0-0: Swinging Strike
0-1: Called Strike
0-2: Ball
1-2: Foul Ball, location: 5FF
1-2: Ball
2-2: Strikes out swinging
Batting: LHB Adrián Valdéz 0-0: Foul Ball, location: 5F
0-1: Ball
1-1: Foul Ball, location: 3F
1-2: Foul Ball, location: 2F
1-2: Foul Ball, location: 5F
1-2: DOUBLE (Groundball, 5L, EV 103.1 MPH)
Pinch Hitting: LHB José Rojas 0-0: Ball
1-0: Swinging Strike
1-1: Foul Ball, location: 5F
1-2: Ball
2-2: Ball
3-2: Foul Ball, location: 7LMF
3-2: Ground out U3 (Groundball, 3, EV 83.1 MPH)
Adrián Valdéz to third
Pinch Hitting: SHB Chris Whitehead 0-0: Ball
1-0: Called Strike
1-1: Ball
2-1: Ball
3-1: Foul Ball, location: 2F
3-2: Strikes out swinging
Bottom of the 7th over - 0 runs, 1 hit, 0 errors, 1 left on base; Salem 0 - Charleston 9
TOP OF THE 8TH
Salem Red Sox batting - Pitching for Charleston RiverDogs : RHP Bob Dean
Now at 1B: Chris Whitehead
Now in LF: José Rojas
Batting: LHB Domenic Merritt 0-0: Ball
1-0: Ball
2-0: Called Strike
2-1: SINGLE (Groundball, 4MD, EV 106.9 MPH)
Pinch Hitting: RHB Alfredo Rivera 0-0: Foul Ball, location: 25F
0-1: Ball
1-1: Ball
2-1: Ball
3-1: SINGLE (Groundball, 34D, EV 107.5 MPH)
Domenic Merritt to second
Runner from 2nd tries for 3rd, SAFE, throw by RF made to third
Batting: RHB Víctor Navarro 0-0: Called Strike
0-1: Ball
1-1: Foul Ball, location: 2F
1-2: Strikes out swinging
Batting: LHB Mike Riggs 0-0: Ball
1-0: Called Strike
1-1: SINGLE (Groundball, 4, EV 83.8 MPH)
Domenic Merritt scores
Alfredo Rivera to second
Batting: RHB Dave Ross 0-0: Called Strike
0-1: SINGLE (Line Drive, 7S, EV 98.8 MPH)
Alfredo Rivera to third
Mike Riggs to second
Pinch Hitting: RHB Luis Medina 0-0: Called Strike
0-1: Ball
1-1: Ball
2-1: Ball
3-1: Base on Balls
Alfredo Rivera scores
Mike Riggs to third
Dave Ross to second
Batting: RHB Ricky Hennessey 0-0: Ball
1-0: Foul Ball, location: 9LSF
1-1: Ball
2-1: Ball
3-1: Base on Balls
Mike Riggs scores
Dave Ross to third
Luis Medina to second
Pitching: RHP Oliver Mercado
Batting: LHB Steve Small 0-0: Fly out, F7 (Flyball, 7D, EV 98.8 MPH)
Runner from 3rd tags up, SCORES, no throw by LF
Batting: RHB David Cavazos 0-0: Ball
1-0: Ball
2-0: Ball
3-0: Called Strike
3-1: Base on Balls
Luis Medina to third
Ricky Hennessey to second
Batting: LHB Domenic Merritt 0-0: Foul Ball, location: 3FF
0-1: Foul Ball, location: 2F
0-2: Strikes out swinging
Top of the 8th over - 4 runs, 4 hits, 0 errors, 3 left on base; Salem 4 - Charleston 9
BOTTOM OF THE 8TH
Charleston RiverDogs batting - Pitching for Salem Red Sox : RHP Wilbert O'Farranan
Now at 3B: Alfredo Rivera
Now in LF: Luis Medina
Batting: RHB David Moreno 0-0: Called Strike
0-1: Ball
1-1: Ball
2-1: Swinging Strike
2-2: Ball
3-2: Foul Ball, location: 25FF
3-2: Foul Ball, location: 9LDF
3-2: Base on Balls
Batting: RHB Josh Duncan 0-0: Ball
1-0: Called Strike
1-1: Grounds into double play, 6-4-3 (Groundball, 6, EV 81.9 MPH)
Batting: LHB Ippolito Palermo 0-0: Ball
1-0: Ball
2-0: Called Strike
2-1: Ball
3-1: Foul Ball, location: 5FF
3-2: Strikes out swinging
Bottom of the 8th over - 0 runs, 0 hits, 0 errors, 0 left on base; Salem 4 - Charleston 9
TOP OF THE 9TH
Salem Red Sox batting - Pitching for Charleston RiverDogs : RHP Oliver Mercado
Batting: RHB Alfredo Rivera 0-0: Ball
1-0: Ball
2-0: Ball
3-0: Called Strike
3-1: Called Strike
3-2: Strikes out swinging
Pinch Hitting: RHB José Abreu 0-0: Called Strike
0-1: Foul Ball, location: 3F
0-2: Strikes out swinging
Batting: LHB Mike Riggs 0-0: Ball
1-0: Ball
2-0: Foul Ball, location: 23FF
2-1: Foul Ball, location: 25F
2-2: Fly out, F6 (Popup, 6MD, EV 57.5 MPH)
Top of the 9th over - 0 runs, 0 hits, 0 errors, 0 left on base; Salem 4 - Charleston 9
Friday, May 3rd , 2024 - OOTP Baseball 24.10 Build 82